 Dungeon Crawl Stone Soup version 0.29.1-12-g30fa7ad0bf (webtiles) character file.

Game seed: 6956554985359990898

10 hawla the Chiller (level 2, -2/20 HPs)
             Began as a Meteoran Ice Elementalist on Dec 30, 2022.
             Slain by a goblin
             ... wielding a +0 dagger
             ... led by Robin
              (6 damage)
             ... on level 3 of the Dungeon.
             The game lasted 00:01:50 (321 turns).

hawla the Chiller (Meteoran Ice Elementalist)        Turns: 321, Time: 00:01:51

Health: -2/20      AC:  2    Str: 12    XL:     2   Next: 47%
Magic:  5/6        EV: 12    Int: 21    God:
Gold:   14         SH:  0    Dex: 14    Spells: 5/6 levels left

rFire   . . .      SeeInvis .   f - +4 dagger of the Pits of Slime {protect, *Corrode Str+3 Int+5}
rCold   . . .      Faith    .   (no shield)
rNeg    . . .      Spirit   .   a - +0 robe
rPois   .          Reflect  .   (no helmet)
rElec   .          Harm     .   (no cloak)
rCorr   .          Rampage  .   (no gloves)
Will    .....                   (no boots)
Stlth   +.........              (no amulet)
HPRegen 0.06/turn               (no ring)
MPRegen 0.10/turn               (no ring)

@: glowing
A: sense surroundings 1, otherworldly, glowing, explore regen
a: no special abilities


You were on level 3 of the Dungeon.
You visited 1 branch of the dungeon, and saw 3 of its levels.

You collected 14 gold pieces.

Inventory:

Hand Weapons
 f - the +4 dagger of the Pits of Slime (weapon) {protect, *Corrode Str+3 Int+5}
   (You found it on level 3 of the Dungeon)

   It grants its wielder temporary protection when it strikes (+7 to AC).
   Str:       It affects your strength (+3).
   Int:       It affects your intelligence (+5).
   *Corrode:  It may corrode you when you take damage.
Armour
 a - a +0 robe (worn)
Scrolls
 c - a scroll of teleportation {unknown}
 d - a scroll of summoning {unknown}
Potions
 b - a potion of magic


   Skills:
 + Level 2.6 Dodging
 - Level 1.4 Stealth
 + Level 2.6 Spellcasting
 + Level 4.9 Ice Magic


You had 5 spell levels left.
You knew the following spells:

 Your Spells              Type           Power      Damage    Failure   Level
a - Freeze                Ice            92%        1d10      1%          1

Your spell library contained the following spells:

 Spells                   Type           Power      Damage    Failure   Level
 Frozen Ramparts          Ice            46%        1d7       5%          3
 Ozocubu's Armour         Ice            23%        N/A       5%          3
 Hailstorm                Conj/Ice       13%        3d5       45%         4


Dungeon Overview and Level Annotations

Branches:
Dungeon (3/15) Zot: 1476

Altars:

Annotations:
D:3 Robin


Innate Abilities, Weirdness & Mutations

You passively map a small area around you.
You are easily found by Zot.
You glow in the dark.
You regain HP and MP as you explore.


Message History

Casting: Freeze (safe; 1% risk of failure)
Confirm with . or Enter, or press ? or * to list all spells.
Aiming: Freeze (safe; 1% risk of failure)
Press: ? - help, Shift-Dir - straight line, f - goblin
Aim: a goblin, wielding a +0 club (strong)
You freeze the goblin!
You kill the goblin!
You start waiting.
Magic restored.
You start waiting.
You climb upwards.
Level annotation: Robin The hobgoblin shouts!
The goblin shouts!
You hear an angry hiss.
The goblin hits you but does no damage. Robin throws the goblin at you!
There is a stone staircase leading down here.
Casting: Freeze (safe; 1% risk of failure)
Confirm with . or Enter, or press ? or * to list all spells.
Aiming: Freeze (safe; 1% risk of failure)
Press: ? - help, Shift-Dir - straight line, f - Robin
Aim: Robin, wielding a +0 mace, wearing a +0 animal skin, wearing a +0 helmet and carrying a wand of flame (10)
You freeze Robin.
Robin is lightly wounded.
The goblin completely misses you.
Robin zaps a wand.
The puff of flame hits you.
A goblin comes into view. It is wielding a +0 dagger.
The goblin closely misses you. Robin hits you with a +0 mace!
* * * LOW HITPOINT WARNING * * *
You climb downwards.
There is a stone staircase leading up here.
It was a potion of curing.
You feel better.
Robin roars a battlecry!
The goblin goes into a battle-frenzy!
The goblin barely misses you. The goblin attacks as you move away!
The goblin misses you. Robin throws the goblin at you!
The goblin hits you with a +0 dagger.
There is a stone staircase leading up here.
Robin hits you with a +0 mace!
* * * LOW HITPOINT WARNING * * *
The goblin hits you with a +0 dagger.
You die...

, * , ... ,
..##### *
,,,* *
.....#
,.####....#
,
.........#
,
,........#
** #...g# *
#..<@#
#..g)#
#....#
###.## * ,
*...# , *
#...# ,
#...# *
#...# ,..#


You could see Robin and a goblin (strong).

Vanquished Creatures
  A dart slug (D:2)
  An endoplasm (D:2)
  3 goblins
  A hobgoblin (D:3)
  A frilled lizard (D:2)
7 creatures vanquished.

Notes
Turn   | Place    | Note
-------+----------+-------------------------------------------
     0 | D:1      | hawla the Meteoran Ice Elementalist began the quest for the
                  | Orb.
     0 | D:1      | Reached XP level 1. HP: 14/14 MP: 5/5
   137 | D:2      | Reached XP level 2. HP: 13/20 MP: 3/6
   139 | D:2      | Noticed Robin
   155 | D:3      | Identified the +4 dagger of the Pits of Slime {protect,
                  | *Corrode Str+3 Int+5}
   321 | D:3      | Slain by a goblin

Illustrated notes

Levels and vault maps discovered:
D:1:      heliophobic_arrival_battle_scene, layout_basic,
          ebering_ecumenical_altar_rust
D:2:      layout_rooms, uniq_robin
D:3:      layout_rooms, lemuel_crystal_altar, minmay_misc_feat_secret_circle,
          nicolae_titane, uniq_grinder, uniq_ijyb

Action                   || total
-------------------------++-------
 Cast: Freeze            ||    12
  Use: Potion            ||     1
Armor: Robe              ||     4
Dodge: Dodged            ||     7
